 Dungeon Crawl Stone Soup version 0.20-a0-920-gb18bc0f (webtiles) character file.

112739 Gorice the Warrior (level 17, -6/130 HPs)
             Began as a Kobold Enchanter on Mar 24, 2017.
             Was the Champion of Okawaru.
             Killed from afar by a shock serpent (23 damage)
             ... with a bolt of electricity
             ... on level 1 of the Snake Pit on Mar 25, 2017.
             The game lasted 04:06:22 (38276 turns).

Gorice the Warrior (Kobold Enchanter)              Turns: 38276, Time: 04:06:25

Health: -6/130     AC: 16    Str: 10    XL:     17   Next: 16%
Magic:  31/39      EV: 26    Int: 25    God:    Okawaru [******]
Gold:   2672       SH:  0    Dex: 17    Spells: 15/34 levels left

rFire    + . .     SeeInvis .   a - +7 lajatang "Lalerph" {elec, rC+ rN+ MP+9 Int+4}
rCold    + + .     Gourm    .   (shield currently unavailable)
rNeg     + . .     Faith    .   A - +1 robe {rC+ rF+}
rPois    +         Spirit   .   M - +1 hat "Nadiewn" {*Corrode rPois Int+4}
rElec    .         Reflect  .   c - +2 cloak {MR+}
rCorr    .         Harm     .   n - +2 pair of gloves
MR       ++...                  w - +1 pair of boots {Stlth+}
Stlth    ++++......             q - amulet of Vitality {Regen+ HP+15}
Regen    0.8/turn               m - +3 ring of slaying
MPRegen  0.3/turn               P - +4 ring of protection

@: no status effects
A: carnivore 3
a: Heroism, Finesse, Renounce Religion


You were on level 1 of the Snake Pit.
You worshipped Okawaru.
Okawaru was exalted by your worship.
You were very full.

You visited 5 branches of the dungeon, and saw 25 of its levels.
You also visited: Ossuary and Ice Cave.

You collected 3255 gold pieces.
You spent 583 gold pieces at shops.

Inventory:

Hand Weapons
 a - the +7 lajatang "Lalerph" (weapon) {elec, rC+ rN+ MP+9 Int+4}
   (Okawaru gifted it to you on level 2 of the Lair of Beasts)

   Occasionally, upon striking a foe, it will discharge some electrical energy
   and cause terrible harm.
   It affects your intelligence (+4).
   It protects you from cold.
   It protects you from negative energy.
   It affects your magic capacity (+9).
 b - a +2 dagger of electrocution
   (You took it off an orc wizard on level 1 of the Orcish Mines)
 B - a +0 blowgun
Missiles
 k - 11 curare-tipped needles
 p - 30 tomahawks (quivered)
 Y - 2 throwing nets
Armour
 c - a +2 cloak of magic resistance (worn)
   (You bought it in a shop on level 7 of the Dungeon)
 n - a +2 pair of gloves (worn)
 w - a +1 pair of boots of stealth (worn)
   (Okawaru gifted it to you on level 2 of the Orcish Mines)
 A - a +1 robe of resistance (worn)
   (You took it off an orc wizard on level 1 of the Orcish Mines)
 M - the +1 hat "Nadiewn" (worn) {*Corrode rPois Int+4}
   (Okawaru gifted it to you on level 4 of the Lair of Beasts)

   It affects your intelligence (+4).
   It protects you from poison.
   It may corrode you when you take damage.
Jewellery
 m - a +3 ring of slaying (left hand)
 q - the amulet of Vitality (around neck) {Regen+ HP+15}
   (You found it on level 2 of the Lair of Beasts)

   [amulet of regeneration]

   It affects your health (+15).
   It increases your rate of regeneration.
 y - the ring of Xofist {rF+ MR++ Str+2 Int-5 Dex+3}
   (You found it on level 4 of the Dungeon)

   [ring of protection from fire]

   It affects your strength (+2).
   It affects your intelligence (-5).
   It affects your dexterity (+3).
   It protects you from fire.
   It affects your resistance to hostile enchantments.
 I - the ring of the Skies Above {rPois MR+}
   (You found it in an ice cave)

   [ring of protection from magic]

   It protects you from poison.
   It affects your resistance to hostile enchantments.
 P - a +4 ring of protection (right hand)
 Z - an uncursed ring of flight
Wands
 f - a wand of clouds (7/9)
 h - a wand of paralysis (20/24)
 o - a wand of acid (0/15)
 C - a wand of scattershot (1/9)
 L - a wand of disintegration (24/24)
 O - a wand of enslavement (12/24)
Scrolls
 l - 11 scrolls of remove curse
 u - 8 scrolls of magic mapping {!r}
 G - 2 scrolls of fog
 H - 8 scrolls of teleportation {!r}
 N - a scroll of identify
 V - 2 scrolls of blinking
Potions
 e - 12 potions of curing
 g - 2 potions of might {!q}
 j - 4 potions of agility {!q}
 x - 4 potions of heal wounds {!q}
 z - a potion of cancellation {!q}
 J - 5 potions of berserk rage
 K - 2 potions of brilliance {!q}
 Q - 3 potions of haste {!q}
 R - 3 potions of ambrosia
Miscellaneous
 W - a phial of floods
Comestibles
 t - 21 royal jellies


   Skills:
 + Level 16.3 Fighting
 - Level 10.0 Short Blades
 * Level 11.2 Staves
 - Level 14.0 Dodging
 - Level 4.0 Stealth
 - Level 9.0 Spellcasting
 - Level 12.1 Hexes
 - Level 5.0 Translocations
 - Level 8.0 Invocations


You had 15 spell levels left.
You knew the following spells:

 Your Spells              Type           Power        Failure   Level  Hunger
a - Corona                Hex            ######.      1%          1    None
b - Ensorcelled Hibernat  Hex/Ice        #####.       1%          2    None
c - Confuse               Hex            ######..     1%          3    None
d - Tukima's Dance        Hex            ######..     1%          3    None
e - Dazzling Spray        Conj/Hex       #####.       1%          3    None
J - Blink                 Tloc           N/A          1%          2    None
R - Regeneration          Chrm/Necr      ##........   17%         3    None
S - Swiftness             Chrm/Air       ##......     10%         2    None


Dungeon Overview and Level Annotations

Branches:
Dungeon (15/15)            Temple (1/1) D:5            Lair (6/6) D:10
 Shoals (0/4) Lair:4        Snake (1/4) Lair:4        Slime (0/5) Lair:6
    Orc (2/2) D:9             Elf (0/3) Orc:2        Vaults (0/5) D:14
 Depths (0/5) D:15

Altars:
Ashenzari
Cheibriados
Dithmenos
Elyvilon
Fedhas
Gozag
Hepliaklqana
Kikubaaqudgha
Makhleb
Nemelex Xobeh
Okawaru
Qazlal
Ru
Sif Muna
Trog
Uskayaw
Vehumet
Wu Jian
Xom
Yredelemnul
Zin
The Shining One

Shops:
D:4 *   D:6 (   D:7 *[   Orc:2 ?(?}*

Portals:
Pandemonium: Orc:2

Annotations:
D:8 nht's ghost, novice HOFE
Lair:5 vpUX: oklobs guarding loot, exclusion: 2 oklob plants


Innate Abilities, Weirdness & Mutations

You are small and have problems with some larger weapons.
You are carnivorous and can eat meat at any time.


Message History

The shock serpent is lightly wounded.
The shock serpent closely misses you.
A naga sharpshooter comes into view. It is wielding a mace.
You closely miss the shock serpent.
The shock serpent is lightly wounded.
The shock serpent bites you but does no damage.
You slash the shock serpent!
The shock serpent is moderately wounded.
The shock serpent's electric aura discharges, shocking you!
The shock serpent shoots out a bolt of lightning at you!
The bolt of electricity misses you.
The naga sharpshooter spits poison at you.
The splash of poison misses you.
Damage: 6 (max 23)
Casting: Confuse
Confirm with . or Enter, or press ? or * to list all spells.
Aiming: Tukima's Dance
Press: ? - help, Shift-Dir - straight line, f - naga sharpshooter
Aim: a naga sharpshooter, wielding a mace (catching its breath, chance to defeat MR: 39%)
The uncursed mace dances into the air!
The shock serpent bites you but does no damage.
The naga sharpshooter wields an uncursed longbow.
The naga sharpshooter shoots an arrow.
The arrow closely misses you. The shock serpent misses you.
You swap places.
The shock serpent shoots out a bolt of lightning at you!
The bolt of electricity hits you!
The naga sharpshooter shoots an arrow.
The arrow completely misses you.
Damage: 4 (max 23)
The shock serpent shoots out a bolt of lightning at you!
The bolt of electricity hits you!
* * * LOW HITPOINT WARNING * * *
Damage: 14 (max 23)
The shock serpent shoots out a bolt of lightning at you!
The bolt of electricity hits you!
* * * LOW HITPOINT WARNING * * *
The bolt of electricity hits you!
* * * LOW HITPOINT WARNING * * *
The naga sharpshooter shoots an arrow.
The arrow barely misses you.
Your mace misses the naga sharpshooter.
There is a staircase back to the Lair here.
Damage: 28 (max 28)
The shock serpent shoots out a bolt of lightning at you!
The bolt of electricity hits you!
* * * LOW HITPOINT WARNING * * *
The bolt of electricity misses you.
The naga sharpshooter shoots an arrow.
The arrow barely misses you.
The shock serpent shoots out a bolt of lightning at you!
The bolt of electricity misses you. The bolt of electricity hits you!
You die...

###### ##.#..#
####.....##
#.##.........##
#.......[...#.#
#.....(.....(.#
##.............#
.............#
#..(.......@#
#..........#
##......S..(#
.#......)((..##
#.......)##N...#
#......###.###...
#..##...#.### ...
.##.
#.#...#.###...
#... #.#.........
.


You could see a naga sharpshooter, a shock serpent and a friendly mace.

Vanquished Creatures
  A yaktaur captain (D:15)
  9 hydras
  2 ice dragons (IceCv)
  A vault guard (D:14)
  6 centaur warriors
  Erica (D:9)
  3 two-headed ogres
  A tengu warrior (D:13)
  4 orc high priests
  9 death yaks
  A naga sharpshooter (Snake:1)
  Nergalle (D:10)
  Sonja (Lair:4)
  A sixfirhy (Orc:2)
  3 unseen horrors (D:14)
  2 torturous demonspawn (Orc:2)
  An infernal demonspawn (Orc:2)
  3 wizards
  3 orc knights
  8 ugly things
  2 necromancers
  A wolf spider zombie (D:14)
  A harpy (shapeshifter) (D:12)
  10 orc sorcerers
  3 cyclopes
  2 deep elf magi (Orc:1)
  A guardian serpent (D:9)
  3 merfolk sirens (Lair:4)
  A manticore (D:11)
  6 elephants
  2 black mambas
  3 ice statues
  2 gargoyles
  A rust devil (Orc:2)
  A kobold demonologist (D:11)
  A yaktaur (D:14)
  37 spiny frogs
  4 rime drakes
  6 komodo dragons
  A komodo dragon (shapeshifter) (D:14)
  6 ice devils
  A queen bee (D:15)
  9 meliai
  4 trolls
  4 tyrant leeches
  2 polar bears (Lair:5)
  4 slime creatures (D:15)
  8 dream sheep
  2 hornets
  35 blink frogs
  12 hippogriffs
  Sigmund (D:6)
  A vampire (D:14)
  19 humans (D:14)
  A spriggan (D:9)
  A wraith (D:12)
  4 wyverns
  15 yaks
  2 chaos spawn (Orc:2)
  A neqoxec (Orc:2)
  6 hungry ghosts
  2 steam dragons
  3 basilisks
  Menkaure (D:5)
  2 wargs (Orc:1)
  4 nagas
  6 vampire mosquitoes
  A soldier ant (D:14)
  An acid dragon (D:14)
  12 porcupines
  15 water moccasins
  A hornet zombie (D:11)
  28 orc warriors
  A swamp drake (Orc:1)
  19 ice beasts
  A phantom (D:14)
  2 black bears
  7 sky beasts
  2 eyes of draining
  11 ogres
  27 wolves
  17 centaurs
  14 crocodiles
  Blork the orc (D:5)
  6 big kobolds
  26 bullfrogs
  3 wyvern zombies
  2 scorpions
  22 killer bees (D:15)
  7 wights
  An electric eel (Lair:6)
  2 howler monkeys
  10 crimson imps
  6 bullfrog zombies
  5 centaur zombies
  A quasit (D:12)
  5 hounds
  7 jellies
  35 orc priests
  2 bullfrog skeletons
  23 orc wizards
  Crazy Yiuf (D:7)
  5 centaur skeletons
  An iron imp (Orc:1)
  Ijyb (D:5)
  4 iguanas
  2 polar bear simulacra (D:11)
  6 worker ants
  4 yak simulacra (D:11)
  3 wolf simulacra (D:11)
  4 hound zombies
  14 mummies (Ossuary)
  A howler monkey zombie (Ossuary)
  2 worker ant zombies
  11 gnolls
  2 howler monkey skeletons
  9 adders
  4 shadow imps
  13 white imps
  7 ufetubi (D:11)
  6 adder zombies
  4 oozes
  An adder skeleton (D:6)
  A worm (D:5)
  A dart slug (D:3)
  3 leopard geckos
  81 orcs
  4 bats
  6 giant cockroaches
  6 goblins
  12 hobgoblins
  7 quokkas
  2 ball pythons (D:3)
  A ball python zombie (Ossuary)
  7 frilled lizards
  A jackal skeleton (D:6)
  A jackal zombie (Ossuary)
  15 kobolds
  3 leopard gecko zombies
  A quokka skeleton (D:7)
  6 rats
  2 river rat simulacra (D:11)
893 creatures vanquished.

Vanquished Creatures (collateral kills)
  4 orc high priests (Orc:2)
  4 orc knights
  12 orc warriors
  2 orc priests
  An orc wizard (Orc:1)
  6 orcs
29 creatures vanquished.

Vanquished Creatures (others)
  6 dancing weapons
  An orc priest (Orc:1)
  An orc wizard (D:9)
  A giant cockroach (D:3)
  A hobgoblin (D:3)
  16 fungi
  36 plants
  2 withered plants (Ossuary)
64 creatures vanquished.

Grand Total: 986 creatures vanquished

Notes
Turn   | Place    | Note
-------+----------+-------------------------------------------
     0 | D:1      | Gorice the Kobold Enchanter began the quest for the Orb.
     0 | D:1      | Reached XP level 1. HP: 10/10 MP: 3/3
   241 | D:1      | Reached skill level 2 in Short Blades
   445 | D:1      | Reached XP level 2. HP: 6/15 MP: 0/5
   449 | D:1      | Learned a level 2 spell: Ensorcelled Hibernation
  1200 | D:2      | Reached XP level 3. HP: 19/19 MP: 6/6
  1961 | D:2      | Reached skill level 4 in Hexes
  1963 | D:2      | Reached skill level 3 in Short Blades
  1963 | D:2      | Reached XP level 4. HP: 24/24 MP: 4/7
  1986 | D:2      | Learned a level 3 spell: Confuse
  2552 | D:3      | Reached XP level 5. HP: 18/28 MP: 4/8
  2824 | D:3      | Found a stormy altar of Qazlal.
  2993 | D:3      | Reached skill level 4 in Short Blades
  3318 | D:3      | Reached skill level 5 in Hexes
  3341 | D:3      | Reached XP level 6. HP: 16/32 MP: 0/9
  3635 | D:4      | Found Soshayfa's Assorted Antiques.
  4200 | D:4      | Reached skill level 5 in Short Blades
  4205 | D:4      | Learned a level 3 spell: Tukima's Dance
  4334 | D:4      | Got a vibrating jade ring
  4336 | D:4      | Identified the ring of Xofist {rF+ MR++ Str+2 Int-5 Dex+3} (You found it on level 4 of the Dungeon)
  4349 | D:4      | Reached skill level 6 in Hexes
  4407 | D:4      | Noticed an ogre
  4436 | D:4      | Killed an ogre
  4436 | D:4      | Reached XP level 7. HP: 33/36 MP: 2/10
  4512 | D:4      | Found a glowing silver altar of Zin.
  4685 | D:4      | You fall through a shaft for 3 floors!
  4685 | D:7      | Found a sand-covered staircase.
  4754 | D:7      | Reached skill level 6 in Short Blades
  4786 | Ossuary  | Entered an ossuary
  4902 | Ossuary  | Reached skill level 7 in Hexes
  4982 | Ossuary  | HP: 10/36 [mummy (17)]
  4990 | Ossuary  | HP: 8/36 [mummy (3)]
  4993 | Ossuary  | Reached XP level 8. HP: 14/41 MP: 3/11
  5465 | Ossuary  | HP: 11/41 [mummy (6)]
  5953 | Ossuary  | Reached skill level 8 in Hexes
  5995 | Ossuary  | Reached skill level 7 in Short Blades
  6461 | D:7      | Reached skill level 8 in Short Blades
  6525 | D:7      | Found Suha's Antique Armour Shoppe.
  6569 | D:7      | Reached skill level 9 in Hexes
  6569 | D:7      | Reached XP level 9. HP: 21/45 MP: 3/12
  6785 | D:6      | Noticed Sigmund
  6804 | D:6      | Killed Sigmund
  6819 | D:5      | Entered Level 5 of the Dungeon
  7221 | D:5      | Reached skill level 9 in Short Blades
  7264 | D:5      | Noticed Blork the orc
  7272 | D:5      | Noticed Ijyb
  7292 | D:5      | Killed Blork the orc
  7294 | D:5      | Paralysed by Ijyb for 2 turns
  7307 | D:5      | Killed Ijyb
  7307 | D:5      | Reached skill level 10 in Hexes
  7406 | D:5      | Upgraded the game from 0.20-a0-910-gb611367 to 0.20-a0-920-gb18bc0f
  7554 | D:5      | Found a snail-covered altar of Cheibriados.
  7930 | D:5      | Found an iron altar of Okawaru.
  7934 | D:5      | Noticed Menkaure
  7940 | D:5      | Became a worshipper of Warmaster Okawaru
  8017 | D:5      | Found a staircase to the Ecumenical Temple.
  8137 | D:5      | Killed Menkaure
  8234 | D:5      | Found a radiant altar of Vehumet.
  8234 | D:5      | Found a glowing golden altar of the Shining One.
  8433 | Temple   | Entered the Ecumenical Temple
  8958 | D:6      | Found Caikion's Weapon Emporium.
  8964 | D:6      | Bought a throwing net for 33 gold pieces
  8973 | D:6      | Found a sacrificial altar of Ru.
  9143 | D:6      | Reached skill level 10 in Short Blades
  9553 | D:7      | Reached XP level 10. HP: 51/51 MP: 9/13
  9575 | D:7      | Found Anwiu's Assorted Antiques.
  9595 | D:7      | HP: 15/51 [poisoned by a water moccasin]
  9595 | D:7      | HP: 5/51 [water moccasin (10)]
  9601 | D:6      | HP: 10/76 [water moccasin (5)]
  9605 | D:6      | Reached skill level 1 in Fighting
  9605 | D:6      | Reached skill level 11 in Hexes
 10041 | D:7      | Learned a level 2 spell: Swiftness
 10055 | D:7      | Reached skill level 2 in Fighting
 10150 | D:7      | Found a runed door.
 10155 | D:7      | Noticed Crazy Yiuf
 10159 | D:7      | Killed Crazy Yiuf
 10410 | D:8      | Reached skill level 3 in Fighting
 10432 | D:8      | Noticed nht's ghost (novice HOFE)
 11068 | D:8      | Reached * piety under Okawaru
 11276 | D:8      | Reached skill level 4 in Fighting
 11786 | D:8      | Found a shadowy altar of Dithmenos.
 12170 | D:9      | HP: 17/58 [orc/club (1)]
 12434 | D:9      | Found a staircase to the Orcish Mines.
 12461 | D:8      | Reached skill level 5 in Fighting
 12624 | D:9      | Reached skill level 12 in Hexes
 12822 | D:9      | Noticed a guardian serpent
 12838 | D:9      | Killed a guardian serpent
 12838 | D:9      | Reached ** piety under Okawaru
 13105 | D:9      | Found an ornate altar of the Wu Jian Council.
 13296 | D:9      | Reached skill level 6 in Fighting
 13300 | D:9      | Found a bloodstained altar of Trog.
 13314 | D:9      | Noticed Erica
 13330 | D:9      | Killed Erica
 13330 | D:9      | Reached skill level 3 in Dodging
 13330 | D:9      | Reached skill level 3 in Spellcasting
 13330 | D:9      | Reached XP level 11. HP: 66/66 MP: 10/16
 13339 | D:9      | Reached skill level 4 in Dodging
 13578 | D:10     | Entered Level 10 of the Dungeon
 13685 | D:10     | Found a staircase to the Lair.
 13791 | D:10     | Noticed an elephant
 13820 | D:10     | Killed an elephant
 13820 | D:10     | Reached skill level 7 in Fighting
 13820 | D:10     | Reached skill level 4 in Spellcasting
 14015 | D:10     | Reached *** piety under Okawaru
 14015 | D:10     | Reached skill level 5 in Dodging
 14375 | D:10     | Noticed Nergalle
 14392 | D:10     | Killed Nergalle
 14392 | D:10     | Reached skill level 5 in Spellcasting
 14408 | D:10     | Reached skill level 6 in Dodging
 14805 | Lair:1   | Entered Level 1 of the Lair of Beasts
 14927 | D:8      | Reached **** piety under Okawaru
 14935 | D:7      | Bought an embroidered cloak for 247 gold pieces
 14935 | D:7      | Bought a pair of gloves for 148 gold pieces
 15126 | D:7      | Bought a glowing cabochon ring for 155 gold pieces
 15295 | Lair:1   | --typical: fork out $ for +0 gloves
 15295 | Lair:1   | --only to find +2 gloves immed afterwards!
 15451 | Lair:1   | Reached skill level 8 in Fighting
 15536 | Lair:1   | HP: 4/68 [komodo dragon (28)]
 16025 | Lair:1   | Reached skill level 7 in Dodging
 16347 | Lair:1   | Reached skill level 6 in Spellcasting
 16409 | Lair:1   | Reached XP level 12. HP: 69/75 MP: 17/21
 16691 | Lair:1   | Reached ***** piety under Okawaru
 17339 | Lair:1   | Reached skill level 9 in Fighting
 17561 | Lair:1   | Reached skill level 8 in Dodging
 17760 | Lair:2   | Reached skill level 7 in Spellcasting
 18881 | Lair:3   | Noticed a seven-headed hydra
 19010 | Lair:3   | Reached skill level 9 in Dodging
 19224 | Lair:3   | Received a gift from Okawaru
 19227 | Lair:3   | Reached skill level 10 in Fighting
 19240 | Lair:3   | Reached skill level 8 in Spellcasting
 19242 | Lair:3   | Got a brightly glowing buckler {god gift}
 19269 | Lair:3   | Noticed an eight-headed hydra
 19377 | Lair:3   | Killed a two-headed hydra
 19386 | Lair:3   | Identified the -2 buckler of the Evil One {*Contam rN+ Dex+5} (Okawaru gifted it to you on level 3 of the Lair of Beasts)
 19676 | Lair:3   | Reached skill level 10 in Dodging
 19701 | Lair:2   | Reached XP level 13. HP: 70/83 MP: 18/25
 20111 | Lair:3   | Killed a one-headed hydra
 20257 | Lair:3   | Reached skill level 9 in Spellcasting
 20662 | Lair:1   | Learned a level 3 spell: Dazzling Spray
 20777 | Lair:3   | Reached skill level 11 in Fighting
 20837 | Lair:4   | Noticed a five-headed hydra
 20845 | Lair:3   | Reached skill level 1 in Invocations
 21069 | Lair:4   | Noticed Sonja
 21086 | Lair:4   | Killed Sonja
 21086 | Lair:4   | Reached skill level 2 in Invocations
 21226 | Lair:3   | Reached skill level 11 in Dodging
 21308 | Lair:4   | Reached skill level 3 in Invocations
 21363 | Lair:4   | Found a staircase to the Snake Pit.
 21658 | Lair:4   | Killed a one-headed hydra
 21658 | Lair:4   | Reached ****** piety under Okawaru
 21688 | Lair:4   | Reached skill level 4 in Invocations
 21741 | Lair:4   | Noticed a four-headed hydra
 21757 | Lair:4   | Killed a one-headed hydra
 22275 | Lair:4   | Reached skill level 12 in Fighting
 22275 | Lair:4   | Reached skill level 5 in Invocations
 22323 | Lair:4   | Found a staircase to the Shoals.
 22372 | Lair:4   | Received a gift from Okawaru
 22373 | Lair:4   | Got a blackened hat {god gift}
 22384 | Lair:4   | Identified the +1 hat "Nadiewn" {*Corrode rPois Int+4} (Okawaru gifted it to you on level 4 of the Lair of Beasts)
 22567 | Lair:5   | Noticed a four-headed hydra
 22623 | Lair:5   | Killed a one-headed hydra
 22623 | Lair:5   | Reached skill level 12 in Dodging
 22650 | Lair:5   | Reached XP level 14. HP: 92/92 MP: 23/27
 22857 | Lair:5   | Learned a level 2 spell: Blink
 23140 | Lair:4   | Reached skill level 6 in Invocations
 24067 | Lair:3   | Reached skill level 7 in Invocations
 24372 | Lair:6   | Entered Level 6 of the Lair of Beasts
 24406 | Lair:5   | Reached skill level 13 in Fighting
 24406 | Lair:5   | Reached skill level 13 in Dodging
 24901 | Lair:6   | Received a gift from Okawaru
 25240 | Lair:6   | Found a staircase to the Slime Pits.
 25452 | Lair:5   | Reached skill level 8 in Invocations
 25874 | Lair:5   | Reached skill level 1 in Translocations
 26223 | Lair:6   | Reached skill level 2 in Translocations
 26458 | Lair:5   | Reached XP level 15. HP: 100/100 MP: 25/28
 26537 | Lair:6   | Reached skill level 3 in Translocations
 26594 | Lair:6   | Got a brightly glowing ring mail
 26977 | Lair:6   | Reached skill level 14 in Dodging
 27431 | Lair:2   | Received a gift from Okawaru
 27432 | Lair:2   | Got an iridescent lajatang {god gift}
 27461 | Lair:1   | Identified the +0 ring mail "Imus Wai" {+Blink rC+++ rCorr Stlth-} (You found it on level 6 of the Lair of Beasts)
 27484 | Lair:1   | Identified the +7 lajatang "Lalerph" {elec, rC+ rN+ MP+9 Int+4} (Okawaru gifted it to you on level 2 of the Lair of Beasts)
 27691 | D:10     | Reached skill level 1 in Staves
 28071 | D:11     | Reached skill level 14 in Fighting
 28086 | D:11     | Reached skill level 4 in Translocations
 28707 | D:11     | Reached skill level 2 in Staves
 29005 | Orc:1    | Entered Level 1 of the Orcish Mines
 29713 | Orc:2    | Entered Level 2 of the Orcish Mines
 29814 | Orc:1    | Found a radiant altar of Vehumet.
 29830 | Orc:1    | Reached skill level 5 in Translocations
 29895 | Orc:1    | Reached skill level 3 in Staves
 30697 | Orc:1    | Reached skill level 4 in Staves
 30815 | Orc:2    | Found a staircase to the Elven Halls.
 30878 | Orc:2    | Found Hnoanuak's Humungous Hoard.
 31063 | Orc:2    | Found Ufevasao's Magic Scroll Shoppe.
 31158 | Orc:2    | Found Zugovi's Magic Scroll Emporium.
 31298 | Orc:2    | Reached skill level 5 in Staves
 31558 | Orc:2    | Received a gift from Okawaru
 31679 | Orc:2    | Reached skill level 6 in Staves
 31709 | Orc:2    | Received a gift from Okawaru
 32061 | Orc:2    | Found Voschuppe's Antique Weapon Shop.
 32061 | Orc:2    | Found Vath's Gadget Boutique.
 32061 | Orc:2    | Found a one-way gate leading to the halls of Pandemonium.
 32137 | Orc:2    | Reached skill level 15 in Fighting
 32137 | Orc:2    | Reached XP level 16. HP: 108/108 MP: 26/29
 32310 | D:11     | Reached skill level 7 in Staves
 32643 | D:12     | Found a frozen archway.
 32688 | IceCv    | Entered an ice cave
 33144 | IceCv    | Got an ancient jade ring
 33152 | IceCv    | Identified the ring of the Skies Above {rPois MR+} (You found it in an ice cave)
 33389 | D:12     | Reached skill level 8 in Staves
 33429 | D:12     | Found a shadowy altar of Dithmenos.
 34906 | Lair:1   | Learned a level 3 spell: Regeneration
 35250 | D:14     | Reached skill level 9 in Staves
 35792 | D:14     | Received a gift from Okawaru
 36050 | D:14     | Received a gift from Okawaru
 36112 | D:14     | Found a gate to the Vaults.
 36181 | D:14     | Reached skill level 10 in Staves
 36763 | D:15     | Entered Level 15 of the Dungeon
 36931 | D:15     | Found a staircase to the Depths.
 36953 | D:15     | Reached skill level 16 in Fighting
 37071 | D:15     | Got a jasper-encrusted scale mail
 37144 | D:15     | HP: 34/125 [six-headed hydra (6)]
 37150 | D:15     | HP: 19/125 [poisoned by a meliai]
 37151 | D:15     | Received a gift from Okawaru
 37155 | D:15     | HP: 21/125 [poisoned by a meliai]
 37162 | D:15     | HP: 25/125 [poisoned by a meliai]
 37167 | D:15     | HP: 29/125 [poisoned by a meliai]
 37387 | D:15     | Reached XP level 17. HP: 115/115 MP: 12/30
 37438 | D:15     | Received a gift from Okawaru
 37458 | D:15     | Reached skill level 11 in Staves
 37487 | D:15     | Identified the +3 scale mail of the Arcane {*Slow +Blink rPois} (You found it on level 15 of the Dungeon)
 37933 | D:15     | Found a sacrificial altar of Ru.
 38217 | Snake:1  | Entered Level 1 of the Snake Pit
 38275 | Snake:1  | HP: 26/130 [shock serpent/bolt of electricity (17)]
 38276 | Snake:1  | Killed from afar by a shock serpent

Vault maps used:
D:1:      dpeg_arrival_shelter
D:2:      kennysheep_six_static_rooms
D:3:      first_bread, grunt_qazlal_clouds
D:4:      kennysheep_spiral_hall, kennysheep_mini_moat, serial_shops, shop
D:5:      slow_altar_2, nicolae_overflow_crystal_walls,
          gammafunk_temple_overflow_elements, minmay_temple_entry_glass,
          uniq_iyjb, uniq_blork_the_orc, uniq_menkaure
D:6:      kennysheep_little_box, serial_shops, shop, uniq_sigmund
D:7:      serial_shops, shop, nicolae_shop_overgrown_old_shop,
          nicolae_ossuary_entry_monument, uniq_crazy_yiuf_cottage
D:8:      basic_altar
D:9:      kennysheep_mini, bloody_trog, david_orc_2, the_bakery,
          nrook_guardian_serpent_ordinary, uniq_erica
D:10:     david_lair_generic, uniq_nergalle
D:11:     cheibrodos_frozen_isle, eino_house_with_fridge
D:12:     portal_ice_cave_entry_imps, grunt_dithmenos_shadows
D:14:     grunt_vaults_entry_tiered, hangedman_decor_riveting
D:15:     grunt_enter_depths_snipers, special_room, nicolae_ru_path_of_blood
Temple:   minmay_temple_curvy_branch
Lair:3:   beast_lair_carwin_7, infiniplex_staircase_pool_2
Lair:4:   elwin_shoals_entry_rooms, minmay_snake_entry_guardpost_small,
          uniq_sonja
Lair:5:   minmay_lair_oklob_chamber
Lair:6:   minmay_lair_end_frog_pond, nicolae_slime_entry_slimehenge,
          grunt_forest_large_clearings, serial_bayou_shore_b
Snake:1:  serial_shops, shop, nicolae_snake_squiggles
Orc:1:    basic_altar, hangedman_minor_magic
Orc:2:    pf_orc_diabolical, nicolae_alphabet_shops, guppyfry_library_mini
Ossuary:  ossuary_zaba_flooded
IceCv:    ice_cave_small_dragons

Skill      XL: |  1  2  3  4  5  6  7  8  9 10 11 12 13 14 15 16 17 |
---------------+----------------------------------------------------+-----
Short Blades   | 2 3 4 5 6 8 10 | 10.0
Hexes          | 4 5 6 7 9 10 12 | 12.1
Fighting       | 6 8 10 12 13 15 16 | 16.3
Dodging        | 3 7 10 12 13 14 | 14.0
Spellcasting   | 3 6 8 9 |  9.0
Invocations    | 5 8 |  8.0
Translocations | 2 5 |  5.0
Staves         | 6 10 11 | 11.2
Stealth        | |  4.0

Action                   |  1- 3 |  4- 6 |  7- 9 | 10-12 | 13-15 | 16-18 || total
-------------------------+-------+-------+-------+-------+-------+-------++-------
Melee: Dagger            |    64 |     5 |     4 |    56 |       |    12 ||   141
       Short sword       |    10 |    43 |   348 |   498 |   617 |       ||  1516
       Punch             |       |       |       |     1 |     3 |       ||     4
       Scimitar          |       |       |       |     5 |   110 |       ||   115
       Lajatang          |       |       |       |       |   493 |   590 ||  1083
 Fire: Hunting sling     |    22 |    59 |    99 |    62 |    12 |       ||   254
Throw: Stone             |       |     2 |       |       |       |       ||     2
       Tomahawk          |       |       |       |     1 |       |       ||     1
 Cast: Corona            |    30 |    27 |    42 |    11 |       |     6 ||   116
       Ensorcelled Hiber |     4 |    14 |     1 |     8 |    87 |     4 ||   118
       Confuse           |       |    15 |    73 |   157 |   318 |   148 ||   711
       Tukima's Dance    |       |       |       |     4 |    56 |     9 ||    69
Invok: Heroism           |       |       |       |     1 |     8 |       ||     9
 Abil: Evoke Flight      |       |       |       |       |       |     2 ||     2
Evoke: Wand              |       |       |       |       |       |     1 ||     1
  Use: Scroll            |     2 |     8 |     9 |    10 |     5 |     6 ||    40
       Potion            |       |       |     4 |     4 |       |       ||     8
 Stab: Sleeping          |     7 |     8 |     5 |    26 |    55 |    17 ||   118
       Confused          |       |     7 |    28 |    90 |   133 |    64 ||   322
       Distracted        |       |       |     3 |     1 |     1 |     4 ||     9
  Eat: Chunk             |    12 |    11 |    25 |    41 |    41 |    19 ||   149
       Royal jelly       |       |       |     1 |       |       |       ||     1
Armor: Robe              |     6 |     1 |    19 |    54 |    44 |   119 ||   243
       Leather armour    |       |       |       |    11 |   165 |       ||   176
Dodge: Dodged            |    63 |    36 |   178 |   231 |  1262 |   702 ||  2472
Block: Buckler           |       |       |       |       |     3 |       ||     3
       Rpst.: Scimitar   |       |       |       |       |    17 |       ||    17

Table legend:
 A = Turns spent in this place as a percentage of turns spent in the entire game.
 B = Non-inter-level travel turns spent in this place as a percentage of non-inter-level travel turns spent in the entire game.
 C = Inter-level travel turns spent in this place as a percentage of turns spent in this place.
 D = Turns resting spent in this place as a percentage of non-inter-level travel turns spent in this place.
 E = Turns spent auto-exploring this place as a percentage of non-inter-level travel turns spent in this place.
 F = Non-inter-level travel turns spent in this place divided by the number of levels of this place that you've seen.
                   A       B       C       D       E      F
               +-------+-------+-------+-------+-------+----------------------
         Total | 100.0 | 100.0 |   0.4 |   3.1 |   3.3 | 593.0
       Dungeon |  49.9 |  49.9 |   0.4 |   2.6 |   4.1 | 532.8
        Temple |   0.1 |   0.1 |   4.2 |   0.0 |  65.2 |  23.0
          Lair |  31.4 |  31.4 |   0.5 |   4.1 |   3.2 | 836.7
     Snake Pit |   0.3 |   0.3 |   0.0 |   0.0 |   1.9 |  54.0
  Orcish Mines |  13.0 |  13.1 |   0.3 |   1.5 |   0.8 | 1045.0
       Ossuary |   3.7 |   3.7 |   0.0 |   8.9 |   0.5 | 594.0
      Ice Cave |   1.5 |   1.5 |   0.0 |   2.1 |   2.1 | 238.0
               +-------+-------+-------+-------+-------+----------------------

Vault maps used:
D:1:      dpeg_arrival_shelter
D:2:      kennysheep_six_static_rooms
D:3:      first_bread, grunt_qazlal_clouds
D:4:      kennysheep_spiral_hall, kennysheep_mini_moat, serial_shops, shop
D:5:      slow_altar_2, nicolae_overflow_crystal_walls,
          gammafunk_temple_overflow_elements, minmay_temple_entry_glass,
          uniq_iyjb, uniq_blork_the_orc, uniq_menkaure
D:6:      kennysheep_little_box, serial_shops, shop, uniq_sigmund
D:7:      serial_shops, shop, nicolae_shop_overgrown_old_shop,
          nicolae_ossuary_entry_monument, uniq_crazy_yiuf_cottage
D:8:      basic_altar
D:9:      kennysheep_mini, bloody_trog, david_orc_2, the_bakery,
          nrook_guardian_serpent_ordinary, uniq_erica
D:10:     david_lair_generic, uniq_nergalle
D:11:     cheibrodos_frozen_isle, eino_house_with_fridge
D:12:     portal_ice_cave_entry_imps, grunt_dithmenos_shadows
D:14:     grunt_vaults_entry_tiered, hangedman_decor_riveting
D:15:     grunt_enter_depths_snipers, special_room, nicolae_ru_path_of_blood
Temple:   minmay_temple_curvy_branch
Lair:3:   beast_lair_carwin_7, infiniplex_staircase_pool_2
Lair:4:   elwin_shoals_entry_rooms, minmay_snake_entry_guardpost_small,
          uniq_sonja
Lair:5:   minmay_lair_oklob_chamber
Lair:6:   minmay_lair_end_frog_pond, nicolae_slime_entry_slimehenge,
          grunt_forest_large_clearings, serial_bayou_shore_b
Snake:1:  serial_shops, shop, nicolae_snake_squiggles
Orc:1:    basic_altar, hangedman_minor_magic
Orc:2:    pf_orc_diabolical, nicolae_alphabet_shops, guppyfry_library_mini
Ossuary:  ossuary_zaba_flooded
IceCv:    ice_cave_small_dragons
